 Dungeon Crawl Stone Soup version 0.16-a0-2179-gb75b79b (webtiles) character file.

44692 ztt the Severer (level 13, -11/124 (125) HPs)
             Began as a Minotaur Fighter on Nov 14, 2014.
             Was the Champion of Okawaru.
             Killed from afar by a fire dragon (44 damage)
             ... with a blast of flame
             ... on level 5 of the Swamp.
             The game lasted 00:28:34 (13238 turns).

ztt the Severer (Minotaur Fighter)                 Turns: 13238, Time: 00:28:35

HP:   -11/124 (125) AC: 41    Str: 25    XL:     13   Next: 97%
MP:   0/19          EV:  7    Int:  5    God:    Okawaru [******]
Gold: 896           SH: 12    Dex: 14    Spells: 0 memorised, 12 levels left

rFire  . . .     SeeInvis +     a - +0 war axe
rCold  . . .     Clarity  .     x - +13 plate armour of Skahupay {MR+ Slay+5}
rNeg   . . .     SustAb   .     c - +0 shield
rPois  .         Gourm    .     y - +2 hat
rElec  .         Spirit   +     S - +0 cloak "Phui" {SInv Stlth---}
rCorr  .         Warding  .     C - +2 pair of gloves {Dex+3}
rMut   .         Stasis   .     r - +0 pair of boots
MR     +....                    B - amulet of guardian spirit
Stlth  ..........               P - +5 ring of slaying
                                X - ring of flight

@: heroism, studying Stealth, somewhat resistant to hostile enchantments,
extremely unstealthy
A: retaliatory headbutt, horns 2, talons 1
a: Heroism, Finesse, Renounce Religion, Evoke Flight


You were on level 5 of the Swamp.
You worshipped Okawaru.
Okawaru was exalted by your worship.
You were hungry.

You visited 4 branches of the dungeon, and saw 21 of its levels.
You also visited: Labyrinth, Sewer and Ossuary.

You collected 981 gold pieces.
You spent 85 gold pieces at shops.

Inventory:

Hand weapons
 a - a +0 war axe (weapon)
 K - a +0 morningstar
 M - a cursed +0 battleaxe
Missiles
 o - 32 poisoned needles
Armour
 c - a +0 shield (worn)
 r - a +0 pair of boots (worn)
 x - the +13 plate armour of Skahupay (worn) {MR+ Slay+5}
   (You found it on level 4 of the Dungeon)

   It affects your accuracy and damage with ranged weapons and melee attacks
   (+5).
   It affects your resistance to hostile enchantments.
 y - a +2 hat (worn)
 C - a +2 pair of gloves of dexterity (worn)
 S - the +0 cloak "Phui" (worn) {SInv Stlth---}
   (Okawaru gifted it to you on level 1 of the Lair of Beasts)

   It enhances your eyesight.
   It makes you much less stealthy.
Jewellery
 m - an uncursed ring of wizardry
 u - an uncursed amulet of resist mutation
 B - an amulet of guardian spirit (around neck)
 D - an uncursed ring of protection from magic
 P - a +5 ring of slaying (right hand)
 W - an uncursed amulet of resist corrosion
 X - a ring of flight (left hand)
 Y - an uncursed ring of protection from fire
Magical devices
 i - a wand of heal wounds (3)
 k - a wand of digging (16)
 p - a wand of random effects (36)
 E - a wand of invisibility (2)
 N - a wand of teleportation (3)
 Q - a wand of disintegration (3)
 U - a wand of magic darts (20)
 V - a wand of fire (8)
Scrolls
 b - 2 scrolls of teleportation
 v - 4 scrolls of recharging
 F - 2 scrolls of magic mapping
 I - 6 scrolls of remove curse
 L - 4 scrolls of identify
 O - a scroll of fear
 R - a scroll of fog
Potions
 e - 4 potions of might
 h - 4 potions of agility
 l - 2 potions of flight
 q - 2 potions of haste
 s - a potion of brilliance
 t - a potion of invisibility
 z - 3 potions of magic {unknown}
 A - 5 potions of curing {unknown}
 G - 4 potions of resistance
 J - 2 potions of berserk rage
Books
 H - a book of Conjurations

   Spells                             Type                      Level
   Magic Dart                         Conjuration                  1
   Searing Ray                        Conjuration                  2
   Dazzling Spray                     Conjuration/Hexes            3
   Fulminant Prism                    Conjuration/Hexes            4
   Iskenderun's Mystic Blast          Conjuration                  4
   Iskenderun's Battlesphere          Conjuration/Charms           5
 T - a manual of Stealth
Comestibles
 d - 11 bread rations
 f - 3 slices of pizza
 g - 8 meat rations
 j - 2 royal jellies


   Skills:
 + Level 14.8(19.8) Fighting
 + Level 17.8(22.8) Axes
 + Level 13.9(18.9) Armour
 - Level 1.2(6.2) Dodging
 - Level 1.7(6.7) Stealth
 - Level 4.3(9.3) Shields
 + Level 6.5 Invocations


You had 12 spell levels left.
You didn't know any spells.

Dungeon Overview and Level Annotations

Branches:
Dungeon (9/15)             Temple (1/1) D:4            Lair (6/8) D:9
  Swamp (5/5) Lair:6        Snake (0/5) Lair:5
  Slime: Lair:6-8       Orc: D:9-12

Altars:
Cheibriados
Elyvilon
Kikubaaqudgha
Makhleb
Okawaru
Sif Muna
Trog
Vehumet
Xom
The Shining One

Shops:
D:5 [   D:8 :

Annotations:
Lair:5 exclusion: oklob plant
Swamp:5 exclusion: Roxanne, Roxanne


Innate Abilities, Weirdness & Mutations

You reflexively headbutt those who attack you in melee.
You have a pair of horns on your head.
You have sharp toenails.


Message History

The mottled dragon is moderately wounded.
Your unstable footing causes you to fumble your attack.
You block the mottled dragon's attack. The mottled dragon barely misses you.
The fire dragon breathes flames at you.
The blast of flame hits the mottled dragon.
The mottled dragon resists.
The blast of flame hits you!
* * * LOW HITPOINT WARNING * * *
Your unstable footing causes you to fumble your attack.
You are engulfed in a cloud of scalding steam.
You block the mottled dragon's attack.
The mottled dragon claws you but does no damage.
You slash the mottled dragon!
You kill the mottled dragon!
Okawaru accepts your kill.
You are engulfed in a cloud of scalding steam.
Drink which item? (? for menu, Esc to quit)
You feel much better. The fire dragon breathes flames at you.
The blast of flame hits you!
You die...

♣♣♣♣♣♣♣♣♣♣♣♣♣♣ ♣♣♣♣
...≈≈...♣♣.≈≈♣ ..≈.♣
≈≈≈≈≈≈≈≈.≈♣.≈.♣
≈≈≈≈♣
≈≈≈≈≈≈≈≈.≈♣.≈♣♣
≈≈≈≈. ♣♣♣
♣♣≈...≈...≈.≈.♣
≈≈≈≈≈≈
♣≈♣♣♣♣♣♣♣.≈...≈≈≈..
≈.≈≈≈≈
♣.≈.♣♣♣♣♣♣♣♣♣≈≈≈≈≈.
F≈≈≈≈≈
♣♣@≈≈≈♣≈♣♣≈♣≈≈≈≈≈≈≈
.≈≈≈≈
♣♣..≈P♣♣≈≈≈...≈≈≈≈≈
..≈≈
♣♣≈.♣≈.≈♣≈≈≈≈≈.≈≈≈≈≈
≈≈≈
♣.≈†♣♣♣♣.≈§§D≈.≈≈≈≈≈
. ♣≈≈D♣
♣.≈≈≈≈≈≈♣≈≈≈≈ ♣≈≈≈♣
♣≈≈≈≈≈≈≈...≈≈ ♣♣≈≈≈♣
♣≈≈≈≈≈≈≈≈≈... ♣.≈.♣
♣♣≈≈≈≈≈≈≈.≈♣♣ .≈♣♣♣
♣♣♣♣≈≈≈≈≈P.§


You could see a fire dragon.

Vanquished Creatures
  Nikola (Swamp:5)
  A thorn hunter (Swamp:5)
  Gastronok (D:8)
  A minotaur (Lab)
  A fire dragon (Swamp:5)
  Harold (Lair:1)
  2 alligators (Swamp:2)
  5 hydras
  3 death yaks (Lair:6)
  Erolcha (D:8)
  3 swamp dragons
  3 shambling mangroves
  2 griffons
  2 black mambas
  A red wasp (Swamp:1)
  5 elephants (Lair:3)
  7 spiny frogs
  2 komodo dragons
  2 fire drakes
  4 giant leeches
  4 blink frogs (Swamp:5)
  4 bog bodies
  11 ravens
  A shadow (Swamp:2)
  11 yaks
  A hippogriff (Lair:4)
  9 spriggans
  Grum (D:8)
  A wyvern (Lair:6)
  2 steam dragons
  A mottled dragon (Swamp:5)
  12 swamp worms
  Edmund (D:8)
  16 vampire mosquitoes
  8 porcupines
  9 wolves
  7 ogres
  A sky beast (D:8)
  An ice beast (D:6)
  2 orc warriors
  3 yellow wasps
  2 swamp drakes (Swamp:5)
  15 water moccasins
  2 centaurs
  A necrophage (D:9)
  7 crocodiles
  Duvessa (D:7)
  A big kobold (D:8)
  17 giant frogs
  Blork the orc (D:7)
  A wyvern skeleton (D:8)
  A scorpion (D:7)
  3 wights (D:8)
  Dowan (D:7)
  5 centaur zombies (Ossuary)
  2 orc priests (D:8)
  4 giant frog zombies
  A jelly (D:6)
  A giant frog skeleton (D:4)
  2 crimson imps (D:6)
  6 hounds
  2 centaur skeletons
  9 iguanas
  9 orc wizards
  5 worker ants
  6 sheep (Lair:5)
  A killer bee zombie (D:9)
  A big kobold zombie (Ossuary)
  5 mummies (Ossuary)
  3 worker ant zombies
  26 green rats
  2 shadow imps (D:8)
  12 adders
  3 giant mites
  4 worms
  5 giant geckos
  30 orcs
  9 bats
  6 giant cockroaches
  7 hobgoblins
  12 jackals
  20 kobolds
  18 quokkas
  4 giant newts
  11 goblins
  2 hobgoblin zombies (Ossuary)
  14 rats
  2 fungi (Lair:3)
  A plant (Swamp:2)
457 creatures vanquished.

Vanquished Creatures (others)
  4 swamp dragons (Swamp:5)
  A lindwurm (Swamp:5)
  A fire drake (Swamp:5)
  A steam dragon (Swamp:5)
  3 swamp drakes (Swamp:5)
  A bat (D:3)
  3 fungi
  2 plants
16 creatures vanquished.

Grand Total: 473 creatures vanquished

Notes
Turn   | Place    | Note
--------------------------------------------------------------
     0 | D:1      | ztt, the Minotaur Fighter, began the quest for the Orb.
     0 | D:1      | Reached XP level 1. HP: 19/19 MP: 1/1
   108 | D:1      | Reached XP level 2. HP: 20/27 MP: 1/1
   180 | D:1      | Reached skill level 4 in Armour
   522 | D:1      | Reached XP level 3. HP: 33/33 MP: 2/2
   975 | D:2      | Reached skill level 1 in Dodging
   975 | D:2      | Reached XP level 4. HP: 27/40 MP: 2/2
  1633 | D:3      | Reached XP level 5. HP: 41/47 MP: 2/2
  1986 | D:3      | Found a glowing drain.
  2005 | Sewer    | Entered a sewer
  2011 | Sewer    | Reached skill level 5 in Armour
  2073 | Sewer    | Reached XP level 6. HP: 25/55 MP: 3/3
  2183 | D:3      | Reached skill level 5 in Fighting
  2306 | D:3      | Gained mutation: You have sharp toenails. [potion of beneficial mutation]
  2451 | D:4      | Reached skill level 5 in Axes
  2519 | D:4      | Found a staircase to the Ecumenical Temple.
  2547 | D:4      | Got a slimy plate armour
  2557 | Temple   | Entered the Ecumenical Temple
  2608 | Temple   | Became a worshipper of Warmaster Okawaru
  2635 | D:4      | Identified the +13 plate armour of Skahupay {MR+ Slay+5} (You found it on level 4 of the Dungeon)
  2727 | D:4      | Reached skill level 1 in Stealth
  2883 | D:5      | Entered Level 5 of the Dungeon
  3005 | D:5      | Reached skill level 6 in Armour
  3005 | D:5      | Reached XP level 7. HP: 61/61 MP: 3/3
  3146 | D:5      | Found Schiakh's Antique Armour Boutique.
  3155 | D:5      | Bought a pair of glowing gloves for 85 gold pieces
  3316 | D:6      | Acquired Okawaru's first power
  3316 | D:6      | Reached skill level 7 in Armour
  3398 | D:6      | Found a bloodstained altar of Trog.
  3405 | D:6      | Reached XP level 8. HP: 71/71 MP: 3/3
  3552 | D:7      | Found a burning altar of Makhleb.
  3613 | D:7      | Noticed Blork the orc
  3622 | D:7      | Killed Blork the orc
  3818 | D:7      | Noticed Dowan
  3819 | D:7      | Noticed Duvessa
  3828 | D:7      | Killed Duvessa
  3828 | D:7      | Reached skill level 8 in Armour
  3828 | D:7      | Reached skill level 1 in Invocations
  3829 | D:7      | Killed Dowan
  4348 | D:8      | Noticed Grum
  4359 | D:8      | Reached XP level 9. HP: 54/79 MP: 7/7
  4361 | D:8      | Reached skill level 9 in Axes
  4375 | D:8      | Killed Grum
  4576 | D:8      | Noticed Erolcha
  4583 | D:8      | Killed Erolcha
  4583 | D:8      | Reached skill level 10 in Axes
  4586 | D:8      | Found a bloodstained altar of Trog.
  4623 | D:8      | Noticed Edmund
  4625 | D:8      | Found a sand-covered staircase.
  4639 | D:8      | Killed Edmund
  4685 | Ossuary  | Entered an ossuary
  4913 | D:8      | Noticed Gastronok
  4927 | D:8      | Reached XP level 10. HP: 90/90 MP: 10/11
  4935 | D:8      | Killed Gastronok
  4935 | D:8      | Acquired Okawaru's second power
  4935 | D:8      | Reached skill level 11 in Axes
  4935 | D:8      | Reached skill level 5 in Invocations
  5004 | D:8      | Found Fru Frumm's Book Shoppe.
  5217 | D:9      | Found a staircase to the Lair.
  5441 | D:9      | Reached skill level 12 in Axes
  6361 | Lair:1   | Entered Level 1 of the Lair of Beasts
  6449 | Lair:1   | Noticed Harold
  6468 | Lair:1   | Killed Harold
  6468 | Lair:1   | Reached skill level 10 in Fighting
  6468 | Lair:1   | Reached skill level 10 in Armour
  6530 | Lair:1   | Reached XP level 11. HP: 99/99 MP: 14/14
  6539 | Lair:1   | Noticed a five-headed hydra
  6545 | Lair:1   | Killed a five-headed hydra
  6545 | Lair:1   | Reached skill level 13 in Axes
  6604 | Lair:1   | Received a gift from Okawaru
  6607 | Lair:1   | Got a faintly humming cloak {god gift}
  6613 | Lair:1   | Identified the +0 cloak "Phui" {SInv Stlth---} (Okawaru gifted it to you on level 1 of the Lair of Beasts)
  7092 | Lair:2   | Found a labyrinth entrance.
  7099 | Lab      | Entered a labyrinth
  7505 | Lab      | Noticed a minotaur
  7521 | Lab      | Killed a minotaur
  7728 | Lair:3   | Noticed a four-headed hydra
  7740 | Lair:3   | Killed a six-headed hydra
  7918 | Lair:3   | Reached skill level 14 in Axes
  8825 | Lair:4   | Reached XP level 12. HP: 97/111 MP: 18/18
  9807 | Lair:5   | Reached skill level 15 in Axes
  9858 | Lair:5   | Received a gift from Okawaru
 10199 | Lair:5   | Found a staircase to the Snake Pit.
 10523 | Lair:5   | Found a burning altar of Makhleb.
 10773 | Lair:6   | Received a gift from Okawaru
 10784 | Lair:6   | Got an ancient war axe {god gift}
 10786 | Lair:6   | Identified the +3 war axe of Entrepreneurial Spirit {venom, Int+4 Dex-1} (Okawaru gifted it to you on level 6 of the Lair of Beasts)
 10934 | Lair:6   | Found a staircase to the Swamp.
 10948 | Swamp:1  | Entered Level 1 of the Swamp
 11048 | Swamp:1  | Paralysed by a red wasp for 4 turns
 11245 | Swamp:2  | Reached skill level 16 in Axes
 11357 | Swamp:2  | Reached XP level 13. HP: 99/122 MP: 16/18
 11385 | Swamp:2  | Noticed an eight-headed hydra
 11393 | Swamp:2  | Killed an eight-headed hydra
 11393 | Swamp:2  | Received a gift from Okawaru
 11604 | Swamp:4  | Reached skill level 17 in Axes
 12164 | Swamp:5  | Entered Level 5 of the Swamp
 12165 | Swamp:5  | Noticed Roxanne
 12678 | Swamp:5  | Noticed a thorn hunter
 12694 | Swamp:5  | Killed a thorn hunter
 12884 | Swamp:5  | Noticed Nikola
 12911 | Swamp:5  | Killed Nikola
 13238 | Swamp:5  | Killed from afar by a fire dragon

Action                   |  1- 3 |  4- 6 |  7- 9 | 10-12 | 13-15 || total
-------------------------+-------+-------+-------+-------+-------++-------
Melee: War axe           |    92 |   159 |   206 |   510 |   217 ||  1184
       Morningstar       |       |       |       |    14 |    42 ||    56
Invok: Heroism           |       |       |     1 |     2 |     2 ||     5
       Finesse           |       |       |       |     1 |     1 ||     2
  Use: Scroll            |       |     8 |     3 |    18 |       ||    29
       Potion            |       |     1 |       |       |     4 ||     5
  Eat: Beef jerky        |       |     1 |       |     9 |       ||    10
       Chunk             |       |     3 |     1 |     6 |       ||    10
       Royal jelly       |       |     1 |     1 |       |     1 ||     3
       Fruit             |       |       |     3 |     8 |       ||    11
